 Dungeon Crawl Stone Soup version 0.21.1-1-g345015f (webtiles) character file.

23 shakethe the Firebug (level 3, -5/19 HPs)
             Began as a Tengu Fire Elementalist on Feb 9, 2018.
             Slain by Ijyb
             ... wielding a +8 club
              (9 damage)
             ... on level 2 of the Dungeon.
             The game lasted 00:03:55 (1572 turns).

shakethe the Firebug (Tengu Fire Elementalist)      Turns: 1572, Time: 00:03:56

Health: -5/19      AC: 11    Str:  8    XL:     3   Next: 0%
Magic:  7/7        EV:  0    Int: 16    God:
Gold:   60         SH:  0    Dex: 14    Spells: 5/6 levels left

rFire    + . .     SeeInvis .   i - +1 whip
rCold    . . .     Gourm    .   (no shield)
rNeg     . . .     Faith    .   o - -2 plate armour (curse)
rPois    .         Spirit   .   (helmet restricted)
rElec    .         Reflect  .   l - +0 cloak
rCorr    .         Harm     .   (no gloves)
MR       ++...                  (boots unavailable)
Stlth    ..........             (no amulet)
HPRegen  0.06/turn              g - +2 ring of protection
MPRegen  0.10/turn              p - ring of protection from magic {MR+, !d}

@: no status effects
A: beak, talons 3, fire resistance 1, magic resistance 1
a: no special abilities


You were on level 2 of the Dungeon.
You were not hungry.

You visited 1 branch of the dungeon, and saw 3 of its levels.

You collected 60 gold pieces.

Inventory:

Hand Weapons
 e - a +0 hand axe
   (You found it on level 1 of the Dungeon)
 i - a +1 whip (weapon)
   (You took it off a kobold on level 1 of the Dungeon)
Missiles
 j - 6 curare-tipped needles
Armour
 a - a +0 robe
 l - a +0 cloak (worn)
   (You found it on level 2 of the Dungeon)
 o - a cursed -2 plate armour (worn)
   (You found it on level 2 of the Dungeon)
Jewellery
 g - a +2 ring of protection (left hand)
   (You found it on level 2 of the Dungeon)
 p - a ring of protection from magic (right hand) {MR+, !d}
   (You found it on level 2 of the Dungeon)
Wands
 q - a wand of flame (15)
   (You found it on level 2 of the Dungeon)
Scrolls
 f - a scroll of identify
 h - a scroll of remove curse {unknown}
 m - a scroll of enchant weapon
Potions
 k - a potion of heal wounds
 n - a potion of curing {unknown}
 s - a potion of magic {unknown}
Books
 b - a book of Flames
Comestibles
 c - 4 rations


   Skills:
 - Level 2.1 Dodging
 - Level 2.0 Stealth
 + Level 2.2 Spellcasting
 * Level 2.5 Conjurations
 * Level 3.8 Fire Magic


You had 5 spell levels left.
You knew the following spells:

 Your Spells              Type           Power        Failure   Level  Hunger
a - Flame Tongue          Conj/Fire      ##...        100%        1    #......


Dungeon Overview and Level Annotations

Branches:
Dungeon (3/15)

Altars:
Makhleb
Uskayaw
Xom

Annotations:
D:2 Ijyb


Innate Abilities, Weirdness & Mutations

You have a beak for a mouth.
You have claws for feet.
Your flesh is heat resistant. (rF+)
You are resistant to hostile enchantments. (MR+)


Message History

The dart slug bites you but does no damage.
Health restored: 15 You hit the dart slug.
You kill the dart slug!
You have reached level 3!
Your experience leads to an increase in your attributes!
Increase (S)trength, (I)ntelligence, or (D)exterity?
You feel clever.
Health restored: 19; MP restored: 7 You start putting on your armour.
You continue putting on your cloak. x4
You finish putting on your +0 cloak.
Found a hide-covered altar of Uskayaw.
p - a copper ring
c - 4 rations (gained 1)
You now have 49 gold pieces (gained 13).
Found a shimmering altar of Xom.
p - a ring of protection from magic (right hand)
You barely miss the butterfly. Your kick misses the butterfly.
q - a wand of flame (15)
There is a shimmering altar of Xom here.
You closely miss the butterfly.
Found a stone staircase leading up.
r - a scroll labeled INATARHANEE
s - a sedimented dark potion
As you read the scroll labeled INATARHANEE, it crumbles to dust.
The scroll dissolves into smoke.
It was a scroll of fog.
Eating a chunk of flesh {@w0}.
You eat the chunk of flesh {@w0}.
You completely miss the butterfly.
You kill the butterfly!
You see here a short sword.
There is an open door here.
You see here a club.
You now have 60 gold pieces (gained 11).
You see here 13 stones.
You see here a hobgoblin skeleton.
You open the door.
There is an open door here.
Found a stone staircase leading down.
You open the door.
There is an open door here.
You open the door.
There is an open door here.
Done exploring.
Done exploring.
There is an open door here.
There is a stone staircase leading down here.
You climb downwards.
Ijyb the Twisted Goblin comes into view.
She is wielding an enchanted club.
Ijyb shouts!
There is a stone staircase leading up here.
Your plate armour prevents you from hitting Ijyb.
Your kick misses Ijyb. You peck Ijyb, but do no damage.
Ijyb hits you with an enchanted club.
You take 1 damage, and have 18/19 hp.
Your plate armour prevents you from hitting Ijyb.
Your peck misses Ijyb. Ijyb hits you but does no damage.
Your plate armour prevents you from hitting Ijyb.
Ijyb hits you but does no damage.
You closely miss Ijyb. You claw Ijyb, but do no damage.
Ijyb hits you with an enchanted club.
You take 4 damage, and have 14/19 hp.
MASSIVE DAMAGE!!
Your plate armour prevents you from hitting Ijyb.
Ijyb hits you but does no damage.
You hit Ijyb but do no damage. You claw Ijyb, but do no damage.
Ijyb hits you but does no damage.
You hit Ijyb. Ijyb completely misses you.
You hit Ijyb. Ijyb hits you but does no damage.
Your plate armour prevents you from hitting Ijyb.
Ijyb hits you but does no damage.
Your plate armour prevents you from hitting Ijyb.
Your kick misses Ijyb. Ijyb hits you but does no damage.
You closely miss Ijyb. You claw Ijyb, but do no damage.
Ijyb hits you with an enchanted club.
You take 4 damage, and have 10/19 hp.
MASSIVE DAMAGE!!
Your plate armour prevents you from hitting Ijyb.
Ijyb hits you but does no damage.
You closely miss Ijyb. Your kick misses Ijyb. You peck Ijyb, but do no damage.
Ijyb hits you but does no damage.
You closely miss Ijyb. Ijyb hits you but does no damage.
You closely miss Ijyb. Ijyb hits you with an enchanted club.
You take 1 damage, and have 9/19 hp.
Your plate armour prevents you from hitting Ijyb.
Ijyb hits you but does no damage.
Your plate armour prevents you from hitting Ijyb.
You peck Ijyb, but do no damage. Ijyb hits you with an enchanted club.
You take 3 damage, and have 6/19 hp.
You hit Ijyb but do no damage. You claw Ijyb, but do no damage.
Ijyb hits you but does no damage.
There is a stone staircase leading up here.
Ijyb hits you with an enchanted club.
* * * LOW HITPOINT WARNING * * *
You climb upwards.
There is a stone staircase leading down here.
You take 2 damage, and have 4/19 hp.
Ijyb hits you but does no damage.
Ijyb grins evilly.
Ijyb hits you with an enchanted club!
You die...

######## #......#
#......# #####......#
...........# ......######
......##################
........).......@g....>#
......######.########.##
......#### #....# #.#
#####....###.##.#####'##
...(+....'......#......#
....#รท...######........#
...................(...#
....#....##.####.####'##
....#.._....# #.# #.#


You could see Ijyb.

Vanquished Creatures
  A dart slug (D:2)
  A leopard gecko (D:1)
  3 bats
  6 hobgoblins
  2 jackals (D:1)
  A frilled lizard (D:1)
  3 kobolds (D:1)
  2 rats
  A butterfly (D:2)
  A plant (D:1)
21 creatures vanquished.

Notes
Turn   | Place    | Note
-------+----------+-------------------------------------------
     0 | D:1      | shakethe the Tengu Fire Elementalist began the quest for the Orb.
     0 | D:1      | Reached XP level 1. HP: 10/10 MP: 4/4
   309 | D:1      | Reached skill level 2 in Conjurations
   309 | D:1      | Reached XP level 2. HP: 15/15 MP: 4/6
  1111 | D:2      | Found a burning altar of Makhleb.
  1149 | D:2      | Gained mutation: Your flesh is heat resistant. (rF+) [potion of mutation]
  1149 | D:2      | Gained mutation: You are resistant to hostile enchantments. (MR+) [potion of mutation]
  1228 | D:2      | Reached XP level 3. HP: 19/19 MP: 7/7
  1237 | D:2      | Found a hide-covered altar of Uskayaw.
  1260 | D:2      | Found a shimmering altar of Xom.
  1542 | D:3      | Noticed Ijyb
  1565 | D:3      | HP: 4/19 [Ijyb/enchanted club (2)]
  1572 | D:2      | Slain by Ijyb

Skill      XL: |  1 |
---------------+----+-----
Conjurations   | 2 |  2.5
Dodging        | |  2.1
Stealth        | |  2.0
Spellcasting   | |  2.2
Fire Magic     | |  3.8

Action                   || total
-------------------------++-------
Melee: Hand axe          ||    45
       Kick              ||    25
       Whip              ||    37
       Peck              ||    13
 Cast: Flame Tongue      ||    10
  Use: Scroll            ||     7
       Potion            ||     1
  Eat: Chunk             ||     2
Armor: Robe              ||     5
       Plate armour      ||    27
Dodge: Dodged            ||    24

Vault maps used:
D:1:      roderic_chinese_lattice_arrival, serial_forest,
          infiniplex_forest_straight_5, infiniplex_forest_end_2,
          infiniplex_forest_straight_4, infiniplex_forest_lined_room_,
          infiniplex_forest_3_way
D:2:      overflow_temple_1_default, xom_butterflies, old_standard_altar
D:3:      lemuel_crystal_altar, zin_academy, lemuel_doored_altar,
          kiku_gazebo_pond_becter, serial_curves, eino_curves_02,
          eino_curves_03, uniq_ijyb

Table legend:
 A = Turns spent in this place as a percentage of turns spent in the entire game.
 B = Non-inter-level travel turns spent in this place as a percentage of non-inter-level travel turns spent in the entire game.
 C = Inter-level travel turns spent in this place as a percentage of turns spent in this place.
 D = Turns resting spent in this place as a percentage of non-inter-level travel turns spent in this place.
 E = Turns spent auto-exploring this place as a percentage of non-inter-level travel turns spent in this place.
 F = Non-inter-level travel turns spent in this place divided by the number of levels of this place that you've seen.
                   A       B       C       D       E      F
               +-------+-------+-------+-------+-------+----------------------
         Total | 100.0 | 100.0 |   5.4 |  12.2 |  67.9 | 495.7
       Dungeon | 100.0 | 100.0 |   5.4 |  12.2 |  67.9 | 495.7
               +-------+-------+-------+-------+-------+----------------------

Table legend:
 A = Kills in this place as a percentage of kills in entire the game.
 B = Kills by you in this place as a percentage of kills by you in the entire game.
 C = Kills by friends in this place as a percentage of kills by friends in the entire game.
 D = Other kills in this place as a percentage of other kills in the entire game.
 E = Experience gained in this place as a percentage of experience gained in the entire game.
 F = Experience gained in this place divided by the number of levels of this place that you have seen.
                   A       B       C       D       E      F
               +-------+-------+-------+-------+-------+----------------------
         Total | 100.0 | 100.0 |   N/A |   N/A | 100.0 |  11.3
       Dungeon | 100.0 | 100.0 |   N/A |   N/A | 100.0 |  11.3
               +-------+-------+-------+-------+-------+----------------------
